 Dungeon Crawl Stone Soup version 0.26-a0-540-g8a0c9464d7 (webtiles) character file.

Game seed: 11799142424428283335

33 vurker the Cudgeler (level 3, -9/36 HPs)
             Began as a Gnoll Chaos Knight on Aug 22, 2020.
             Mangled by a sixfirhy (10 damage)
             ... summoned by Xom
             ... on level 2 of the Dungeon.
             The game lasted 00:01:22 (1258 turns).

vurker the Cudgeler (Gnoll Chaos Knight)            Turns: 1258, Time: 00:01:23

Health: -9/36      AC:  7    Str: 14    XL:     3   Next: 29%
Magic:  4/4        EV: 10    Int: 15    God:
Gold:   40         SH:  0    Dex: 14    Spells: 3/3 levels left

rFire    . . .     SeeInvis .   e - +0 dagger (venom)
rCold    . . .     Faith    .   (no shield)
rNeg     . . .     Spirit   .   a - +0 scale mail
rPois    .         Reflect  .   (no helmet)
rElec    .         Harm     .   (no cloak)
rCorr    .                      (no gloves)
MR       .....                  (no boots)
Stlth    ..........             (no amulet)
HPRegen  0.12/turn              (no ring)
MPRegen  0.09/turn              (no ring)

@: drained
A: distributed training, fangs 1, rugged brown scales 1, wild magic 1, strong
nose
a: no special abilities


You were on level 2 of the Dungeon.
You visited 1 branch of the dungeon, and saw 2 of its levels.

You collected 40 gold pieces.

Inventory:

Hand Weapons
 e - a +0 dagger of venom (weapon)
   (You found it on level 1 of the Dungeon)
Armour
 a - a +0 scale mail (worn)
   (You found it on level 1 of the Dungeon)
Scrolls
 b - 2 scrolls of remove curse {unknown}
 d - a scroll of noise {unknown}
 f - a scroll of enchant armour {unknown}
 g - a scroll of immolation {unknown}
Potions
 c - 2 potions of curing {unknown}
 h - a potion of degeneration {unknown}


   Skills:
 + Level 6.5(5.4) Fighting
 + Level 0.7(0.0) Short Blades
 + Level 0.7(0.0) Long Blades
 + Level 0.7(0.0) Axes
 + Level 6.5(5.4) Maces & Flails
 + Level 0.7(0.0) Polearms
 + Level 0.7(0.0) Staves
 + Level 0.7(0.0) Slings
 + Level 0.7(0.0) Bows
 + Level 0.7(0.0) Crossbows
 + Level 0.7(0.0) Throwing
 + Level 4.5(3.5) Armour
 + Level 2.6(1.6) Dodging
 + Level 0.7(0.0) Stealth
 + Level 0.7(0.0) Shields
 + Level 0.7(0.0) Unarmed Combat
 + Level 0.7(0.0) Spellcasting
 + Level 0.5(0.0) Conjurations
 + Level 0.5(0.0) Hexes
 + Level 0.5(0.0) Summonings
 + Level 0.5(0.0) Necromancy
 + Level 0.5(0.0) Translocations
 + Level 0.5(0.0) Transmutations
 + Level 0.5(0.0) Fire Magic
 + Level 0.5(0.0) Ice Magic
 + Level 0.5(0.0) Air Magic
 + Level 0.5(0.0) Earth Magic
 + Level 0.5(0.0) Poison Magic
   Level 0.9(0.0) Invocations
 + Level 0.7(0.0) Evocations


You had 3 spell levels left.
You didn't know any spells.
Your spell library was empty.

Dungeon Overview and Level Annotations

Branches:
Dungeon (2/15)

Altars:


Innate Abilities, Weirdness & Mutations

Your experience applies equally to all skills.
You have very sharp teeth.
Your uncanny sense of smell can sniff out nearby items.
You are partially covered in rugged brown scales. (AC +1, +3% HP)
Your spells are a little harder to cast, but a little more powerful.


Message History

No target in view!
No target in view!
No target in view!
No target in view!
No target in view!
No target in view!
No target in view!
No target in view!
No target in view!
No target in view!
No target in view!
Unknown command.
A goblin comes into view.
A goblin is nearby!
No target in view!
No target in view!
No target in view!
No target in view!
No target in view!
No target in view!
No target in view!
A goblin is nearby!
The goblin shouts!
You hit the goblin.
You kill the goblin!
No target in view!
No target in view!
No target in view!
No target in view!
No target in view!
No target in view!
No target in view!
No target in view!
No target in view!
No target in view!
No target in view!
No target in view!
No target in view! "Fight to survive, mortal."
The quasit completely misses you. The quasit closely misses you.
The quasit claws you but does no damage.
The sixfirhy hits you! The sixfirhy shocks you!
* * * LOW HITPOINT WARNING * * *
The sixfirhy completely misses you.
There is a stone staircase leading up, spattered with blood here.
Your library has no spells.
The sixfirhy hits you!
* * * LOW HITPOINT WARNING * * *
The sixfirhy shocks you!
You die...

♣♣# #.. ∆ ... #.#
# #.# #. #.#
###..######.#
......†..53@####.#
###...55.#4.†....#
##.###...####### #
#####


You could see an ice devil (summoned), a sixfirhy (summoned), an iron imp
(summoned), a quasit (summoned) and a shadow imp (summoned).

Vanquished Creatures
  4 bats
  2 giant cockroaches (D:1)
  4 goblins
  3 hobgoblins (D:1)
  2 jackals (D:2)
  A quokka (D:2)
  A ball python (D:1)
  4 frilled lizards (D:1)
  5 kobolds (D:1)
  6 rats (D:1)
32 creatures vanquished.

Notes
Turn   | Place    | Note
-------+----------+-------------------------------------------
     0 | D:1      | vurker the Gnoll Chaos Knight began the quest for the Orb.
     0 | D:1      | Reached XP level 1. HP: 23/23 MP: 1/1
     0 | D:1      | Fell from the grace of Xom
   271 | D:1      | Reached XP level 2. HP: 18/29 MP: 2/2
   550 | D:1      | XOM: give mutations
   550 | D:1      | Gained mutation: Your spells are a little harder to cast,
                  | but a little more powerful. [Xom's grace]
   550 | D:1      | Gained mutation: You are partially covered in rugged brown
                  | scales. (AC +1, +3% HP) [Xom's grace]
   808 | D:1      | XOM: draining
   948 | D:1      | Reached XP level 3. HP: 36/36 MP: 3/3
  1252 | D:2      | XOM: summons 5 hostile demons
  1253 | D:2      | Noticed a sixfirhy
  1253 | D:2      | Noticed an ice devil
  1258 | D:2      | HP: 1/36 [sixfirhy[Xom] (10)]
  1258 | D:2      | Mangled by a sixfirhy

Illustrated notes

Levels and vault maps discovered:
D:1:      roderic_crossed_star, layout_loops_corners, minmay_stone_trees_small,
          hangedman_abyss_or_decor_lesser_grid, st_stairs_5,
          chequers_serial_rivers_micro_b
D:2:      layout_loops_ring, regret_index_temple_of_mockery, serial_forest,
          infiniplex_forest_zigzag_2, infiniplex_forest_clump_diagonal,
          infiniplex_forest_lined_corner, infiniplex_forest_end_2,
          infiniplex_forest_zigzag_1, infiniplex_forest_clump_medium,
          corexii_leaking_fountain

Action                   || total
-------------------------++-------
Melee: Dagger            ||    86
       Mace              ||     5
       Bite              ||     5
Invok: Renounce Religion ||     1
 Stab: Sleeping          ||     1
Armor: Scale mail        ||    61
Dodge: Dodged            ||    61

Table legend: (Time is in decaauts)
 A = Elapsed time spent in this place.
 B = Non-inter-level travel time spent in this place.
 C = Inter-level travel time spent in this place.
 D = Time resting spent in this place.
 E = Time spent auto-exploring this place.
 F = Levels seen in this place.
 G = Mean time per level.
                   A        B        C        D        E       F      G
               +--------+--------+--------+--------+--------+-----+--------+
         Total |   1263 |   1214 |     49 |      0 |   1009 |   2 |  631.5 |
       Dungeon |   1263 |   1214 |     49 |      0 |   1009 |   2 |  631.5 |
               +--------+--------+--------+--------+--------+-----+--------+

Top non-repeatable levels by time:
     D:1: 1147 daAuts
     D:2: 115 daAuts
